Influenza vs Devils
Created - April 1, 2021 at 19:01
Goals
|
Influenza |
3 |
0 |
3 |
6 |
Devils |
2 |
1 |
2 |
5 |
|
Shots
|
Influenza |
9 |
10 |
10 |
29 |
Devils |
11 |
13 |
11 |
35 |
|
1st period
1. Influenza , Bo Horvat 33 (Tim Schaller 33) at 1:52
2. Devils , Valeri Nichushkin 12 (Reid Boucher 18, Darren Dietz 18) at 4:52
3. Influenza , Linden Vey 17 (Bo Horvat 52, Tim Schaller 34) at 8:29
4. Devils , Maxime Macenauer 16 (Brett Seney 10, Ilya Lyubushkin 6) at 12:38
5. Influenza , Linden Vey 18 (Tim Schaller 35) at 17:12
Penalties :
Bo Horvat (VJB) for Slashing (Minor) at 12:41
2nd period
6. Devils , Sven Baertschi 26 (Ben Hutton 38) at 0:14
Penalties :
JT Compher (VJB) for High sticking (Minor) at 2:46, Christian Wolanin (Bin) for Hooking (Minor) at 11:42, Linden Vey (VJB) for Roughing (Minor) at 19:37
3rd period
7. Devils , Joonas Donskoi 28 (Sam Bennett 19, Maxime Macenauer 27) at 7:19 (PP)
8. Devils , Anton Lander 30 (Logan Shaw 42) at 7:57 (PP)
9. Influenza , Tim Erixon 9 (Tim Schaller 36, Bo Horvat 53) at 11:43
10. Influenza , Pavel Zacha 14 (JT Compher 30, Justin Bailey 18) at 13:35
11. Influenza , Ryan Dzingel 10 (Bo Horvat 54, Haydn Fleury 13) at 19:20
Penalties :
Pavel Zacha (VJB) for Roughing (Minor) at 6:44, Pavel Zacha (VJB) for Holding (Minor) at 7:41, Linden Vey (VJB) for Roughing (Minor) at 8:15
Goalie Stats
Al Montoya (VJB), 30 saves from 35 shots - (0.857), W, 18-9-1, 60:00 minutes
Calvin Pickard (Bin), 23 saves from 29 shots - (0.793), L, 18-26-4, 59:30 minutes
Players Stats for Influenza
Player Name G A P +/- PIM S H SB GA TA FO MP PP MP PK MP
------------------------------------------------------------------------------------
Aleksi Saarela 0 0 0 0 0 0 0 0 0 0 1/1 7:23 0:00 0:00
Bo Horvat 1 3 4 3 2 1 1 0 1 1 18/34 22:43 1:03 3:47
Brett Pesce 0 0 0 1 0 0 0 1 0 3 0/0 14:27 0:00 0:00
Christian Fischer 0 0 0 1 0 0 1 1 0 0 0/0 7:33 0:00 0:00
Colton Sissons 0 0 0 0 0 0 0 2 0 0 1/5 13:18 0:53 1:18
Dmitry Sinitsyn 0 0 0 1 0 0 1 0 1 0 0/0 14:43 0:00 0:12
Haydn Fleury 0 1 1 3 0 1 0 0 0 0 0/0 17:46 0:42 2:53
JT Compher 0 1 1 -1 2 1 1 0 1 0 1/1 15:27 0:56 1:37
Justin Bailey 0 1 1 -1 0 1 2 1 0 0 1/1 13:23 0:53 0:00
Linden Vey 2 0 2 3 4 6 1 1 1 0 1/4 19:31 1:03 0:51
Lucas Lessio 0 0 0 1 0 2 0 0 0 0 0/0 8:13 0:03 0:16
Neal Pionk 0 0 0 0 0 1 1 1 0 1 0/0 21:27 1:17 2:53
Pavel Zacha 1 0 1 -1 4 2 1 1 0 0 3/8 12:34 0:00 0:06
Ryan Dzingel 1 0 1 1 0 2 1 0 0 0 1/4 13:25 0:03 1:55
Shane Sims 0 0 0 2 0 2 2 0 0 1 0/0 23:27 0:42 5:54
Tim Erixon 1 0 1 -1 0 5 1 1 0 1 0/0 28:10 1:17 5:42
Tim Schaller 0 4 4 3 0 5 2 2 1 1 1/1 23:52 1:03 4:55
Tom Kuhnhackl 0 0 0 0 0 0 3 0 0 0 2/3 13:45 0:00 2:49
Players Stats for Devils
Player Name G A P +/- PIM S H SB GA TA FO MP PP MP PK MP
------------------------------------------------------------------------------------
Anton Lander 1 0 1 -2 0 3 1 0 2 1 21/34 23:26 5:16 0:59
Ben Hutton 0 1 1 0 0 4 2 3 2 0 0/0 28:13 5:56 1:11
Brandon Carlo 0 0 0 0 0 1 0 1 1 0 0/0 24:26 5:56 1:11
Brett Seney 0 1 1 -1 0 2 0 0 0 0 0/0 7:44 0:00 0:00
Christian Wolanin 0 0 0 0 2 0 0 0 0 0 0/0 3:46 0:00 0:00
Conor Garland 0 0 0 -1 0 1 1 1 0 0 0/0 7:55 0:11 0:00
Dalton Thrower 0 0 0 -1 0 1 2 3 0 1 0/0 18:16 2:51 0:48
Darren Dietz 0 1 1 -1 0 0 1 0 0 0 0/0 18:16 2:51 0:48
Ilya Lyubushkin 0 1 1 -2 0 0 1 1 0 0 0/0 13:31 0:00 0:00
Jonny Brodzinski 0 0 0 -1 0 1 0 1 0 0 2/3 7:44 0:00 0:00
Joonas Donskoi 1 0 1 1 0 2 1 0 0 1 1/1 16:48 3:09 0:00
Logan Shaw 0 1 1 -2 0 4 1 0 1 0 1/1 23:15 5:10 0:57
Maxime Macenauer 1 1 2 1 0 4 6 0 0 1 4/13 17:27 3:09 0:39
Reid Boucher 0 1 1 -1 0 2 0 0 0 0 0/0 11:25 0:11 0:34
Robbie Russo 0 0 0 -2 0 1 0 1 0 0 0/0 13:31 0:00 0:00
Robby Fabbri 0 0 0 -1 0 1 2 1 0 1 1/5 11:11 0:28 0:00
Sam Bennett 0 1 1 1 0 3 2 0 1 0 0/0 16:48 3:09 0:00
Sven Baertschi 1 0 1 -2 0 1 0 0 1 0 1/3 23:16 5:16 0:49
Valeri Nichushkin 1 0 1 -1 0 4 1 0 0 0 1/2 11:02 0:22 0:00
3 Stars
1 - Tim Schaller (VJB)
2 - Bo Horvat (VJB)
3 - Maxime Macenauer (Bin)
Power Play
Influenza - 0 on 1 Attempt(s) - 0.00%
Devils - 2 on 6 Attempt(s) - 33.33%
Penalty Kill
Influenza - 4 on 6 Attempt(s) - 66.67%
- Score 0 goal in Penalty Kill
Devils - 1 on 1 Attempt(s) - 100.00%
- Score 0 goal in Penalty Kill
Team Stat
Influenza - Hits : 18 - Faceoff Wins : 30 - Blocked Shots : 11 - Penalty Minutes : 12
Devils - Hits : 21 - Faceoff Wins : 32 - Blocked Shots : 12 - Penalty Minutes : 2
Official
Referees : Unknown
Linesman : Unknown
Game Notes
No Game Note
Finance
Level 1 -- Attendance: 2000 (100.00%) -- Ticket Income $40,000
Level 2 -- Attendance: 1000 (100.00%) -- Ticket Income $10,000
Total Attendance: 3000 (100.00%)
Total Ticket Income: $50,000
Other Income: $2,500
Total Income: $52,500
Influenza
5 vs 5 Forward
Center Left Wing Right Wing Time % Phy DF OF
1 Bo Horvat Tim Schaller Linden Vey 40 1 2 2
2 Pavel Zacha JT Compher Justin Bailey 30 1 2 2
3 Colton Sissons Ryan Dzingel Tom Kuhnhackl 20 1 2 2
4 Aleksi Saarela Lucas Lessio Christian Fischer 10 1 2 2
5 vs 5 Defense
Defense Defense Time % Phy DF OF
1 Tim Erixon Neal Pionk 40 1 2 2
2 Haydn Fleury Shane Sims 30 1 2 2
3 Brett Pesce Dmitry Sinitsyn 20 1 2 2
4 Tim Erixon Shane Sims 10 1 2 2
PowerPlay Forward
Center Left Wing Right Wing Time % Phy DF OF
1 Bo Horvat Tim Schaller Linden Vey 60 1 2 2
2 Colton Sissons JT Compher Justin Bailey 40 1 2 2
PowerPlay Defense
Defense Defense Time % Phy DF OF
1 Tim Erixon Neal Pionk 60 1 2 2
2 Haydn Fleury Shane Sims 40 1 2 2
Penalty Kill 4 Players Forward
Center Wing Time % Phy DF OF
1 Bo Horvat Tim Schaller 60 1 2 2
2 Linden Vey JT Compher 40 1 2 2
Penalty Kill 4 Players Defense
Defense Defense Time % Phy DF OF
1 Tim Erixon Shane Sims 60 1 2 2
2 Haydn Fleury Neal Pionk 40 1 2 2
Penalty Kill - 3 Players Forward
Forward Time % Phy DF OF
1 Bo Horvat 60 1 2 2
2 Tim Schaller 40 1 2 2
Penalty Kill - 3 Players Defense
Defense Defense Time % Phy DF OF
1 Tim Erixon Shane Sims 60 1 2 2
2 Haydn Fleury Neal Pionk 40 1 2 2
4 vs 4 Forward
Center Wing Time % Phy DF OF
1 Bo Horvat Tim Schaller 60 1 2 2
2 Linden Vey JT Compher 40 1 2 2
4 vs 4 Defense
Defense Defense Time % Phy DF OF
1 Tim Erixon Shane Sims 60 1 2 2
2 Haydn Fleury Neal Pionk 40 1 2 2
Last Minutes Offensive
Center Left Wing Right Wing Defense Defense
Bo Horvat Tim Schaller Linden Vey Tim Erixon Neal Pionk
Last Minutes Defensive
Center Left Wing Right Wing Defense Defense
Bo Horvat Tim Schaller Linden Vey Tim Erixon Haydn Fleury
Goaltenders
Starting : Al Montoya
Backup : Malcolm Subban
Extra Forwards
Normal : Ryan Dzingel, Lucas Lessio, Tom Kuhnhackl - PP : Ryan Dzingel, Lucas Lessio - PK : Tom Kuhnhackl
Extra Defensemen
Normal : Brett Pesce, Dmitry Sinitsyn, Haydn Fleury - PP : Brett Pesce - PK : Dmitry Sinitsyn, Haydn Fleury
Penalty Shots
Bo Horvat, Tim Schaller, Linden Vey, JT Compher, Ryan Dzingel
Scratches
Shane Prince (Healthy), Jeff Corbett (Healthy), Dennis Gilbert (Healthy), Henri Ikonen (Healthy), Johan Larsson (Healthy)
Jakob Forsbacka-Karlsson (Healthy), Zack MacEwen (Healthy), Radovan Bondra (Healthy), Simon Bourque (Healthy), Mitchell Moroz (Healthy)
Conner Bleackley (Healthy), Brycen Martin (Healthy), Jaden Lindo (Healthy), Charlie Lindgren (Healthy), Jamie Phillips (Healthy)
Devils
5 vs 5 Forward
Center Left Wing Right Wing Time % Phy DF OF
1 Anton Lander Sven Baertschi Logan Shaw 40 0 2 3
2 Maxime Macenauer Sam Bennett Joonas Donskoi 30 0 2 3
3 Robby Fabbri Reid Boucher Valeri Nichushkin 22 0 2 3
4 Jonny Brodzinski Brett Seney Conor Garland 8 0 2 3
5 vs 5 Defense
Defense Defense Time % Phy DF OF
1 Ben Hutton Brandon Carlo 40 0 3 2
2 Darren Dietz Dalton Thrower 30 0 3 2
3 Ilya Lyubushkin Robbie Russo 20 0 3 2
4 Christian Wolanin Ben Hutton 10 0 3 2
PowerPlay Forward
Center Left Wing Right Wing Time % Phy DF OF
1 Anton Lander Sven Baertschi Logan Shaw 60 0 1 4
2 Maxime Macenauer Sam Bennett Joonas Donskoi 40 0 1 4
PowerPlay Defense
Defense Defense Time % Phy DF OF
1 Ben Hutton Brandon Carlo 60 0 2 3
2 Darren Dietz Dalton Thrower 40 0 2 3
Penalty Kill 4 Players Forward
Center Wing Time % Phy DF OF
1 Anton Lander Logan Shaw 60 1 3 1
2 Maxime Macenauer Sven Baertschi 40 1 3 1
Penalty Kill 4 Players Defense
Defense Defense Time % Phy DF OF
1 Ben Hutton Brandon Carlo 60 1 4 0
2 Darren Dietz Dalton Thrower 40 1 4 0
Penalty Kill - 3 Players Forward
Forward Time % Phy DF OF
1 Anton Lander 60 1 3 1
2 Logan Shaw 40 1 3 1
Penalty Kill - 3 Players Defense
Defense Defense Time % Phy DF OF
1 Ben Hutton Brandon Carlo 60 1 4 0
2 Darren Dietz Dalton Thrower 40 1 4 0
4 vs 4 Forward
Center Wing Time % Phy DF OF
1 Anton Lander Logan Shaw 60 0 2 3
2 Maxime Macenauer Sven Baertschi 40 0 2 3
4 vs 4 Defense
Defense Defense Time % Phy DF OF
1 Ben Hutton Brandon Carlo 60 0 3 2
2 Darren Dietz Dalton Thrower 40 0 3 2
Last Minutes Offensive
Center Left Wing Right Wing Defense Defense
Anton Lander Sven Baertschi Logan Shaw Ben Hutton Brandon Carlo
Last Minutes Defensive
Center Left Wing Right Wing Defense Defense
Anton Lander Sven Baertschi Logan Shaw Ben Hutton Brandon Carlo
Goaltenders
Starting : Calvin Pickard
Backup : Juuse Saros
Extra Forwards
Normal : Robby Fabbri, Valeri Nichushkin, Reid Boucher - PP : Robby Fabbri, Valeri Nichushkin - PK : Reid Boucher
Extra Defensemen
Normal : Ilya Lyubushkin, Robbie Russo, Christian Wolanin - PP : Ilya Lyubushkin - PK : Robbie Russo, Christian Wolanin
Penalty Shots
Anton Lander, Logan Shaw, Maxime Macenauer, Sven Baertschi, Joonas Donskoi
Scratches
Alexander Dergachyov (Healthy), Cristiano Digiacinto (Healthy)
% Time on Ice - Influenza
Lines # - Real PCT - Wanted PCT - Time Play
Normal Forward
1 - 36% - 40% - 17:25
2 - 26% - 30% - 12:51
3 - 23% - 20% - 10:56
4 - 15% - 10% - 7:23
Normal Defense
1 - 37% - 40% - 18:02
2 - 28% - 30% - 13:32
3 - 30% - 20% - 14:27
4 - 5% - 10% - 2:34
PP Forward
1 - 53% - 60% - 1:03
2 - 47% - 40% - 0:56
PP Defense
1 - 65% - 60% - 1:17
2 - 35% - 40% - 0:42
PK Forward
1 - 74% - 60% - 6:31
2 - 26% - 40% - 2:16
PK Defense
1 - 67% - 60% - 5:54
2 - 33% - 40% - 2:53
PK3 Forward
1 - 0% - 60%
2 - 0% - 40%
PK3 Defense
1 - 0% - 60%
2 - 0% - 40%
44 Forward
1 - 0% - 60%
2 - 0% - 40%
44 Defense
1 - 0% - 60%
2 - 0% - 40%
Last Minute Offensive - 0:00
Last Minute Defensive - 0:39
Total
Forward - 60:00
Defense - 60:00
|
% Time on Ice - Devils
Lines # - Real PCT - Wanted PCT - Time Play
Normal Forward
1 - 34% - 40% - 16:32
2 - 29% - 30% - 13:57
3 - 21% - 22% - 10:22
4 - 16% - 8% - 7:44
Normal Defense
1 - 34% - 40% - 16:40
2 - 30% - 30% - 14:37
3 - 28% - 20% - 13:31
4 - 8% - 10% - 3:47
PP Forward
1 - 64% - 60% - 5:38
2 - 36% - 40% - 3:09
PP Defense
1 - 68% - 60% - 5:56
2 - 32% - 40% - 2:51
PK Forward
1 - 94% - 60% - 1:52
2 - 6% - 40% - 0:07
PK Defense
1 - 60% - 60% - 1:11
2 - 40% - 40% - 0:48
PK3 Forward
1 - 0% - 60%
2 - 0% - 40%
PK3 Defense
1 - 0% - 60%
2 - 0% - 40%
44 Forward
1 - 0% - 60%
2 - 0% - 40%
44 Defense
1 - 0% - 60%
2 - 0% - 40%
Last Minute Offensive - 0:39
Last Minute Defensive - 0:00
Total
Forward - 60:00
Defense - 60:00
|
Play-by-Play
1st period
0:01 of 1st period - Anton Lander wins face-off versus Bo Horvat in neutral zone.
0:37 of 1st period - Shane Sims is hit by Joonas Donskoi and loses puck.
1:08 of 1st period - Snap shot by Justin Bailey.
1:08 of 1st period - Shot Misses the Net.
1:10 of 1st period - Wrist shot by Pavel Zacha.
1:10 of 1st period - Shot Misses the Net.
1:12 of 1st period - Slapshot by Shane Sims.
1:12 of 1st period - Stopped by Calvin Pickard with a rebound.
1:28 of 1st period - Slapshot by Jonny Brodzinski.
1:28 of 1st period - Shot Misses the Net.
1:38 of 1st period - Snap shot by Justin Bailey.
1:38 of 1st period - Stopped by Calvin Pickard with a rebound.
1:40 of 1st period - Wrist shot by Haydn Fleury.
1:40 of 1st period - Shot Misses the Net.
1:42 of 1st period - Wrist shot by JT Compher.
1:42 of 1st period - Shot Blocked by Dalton Thrower.
1:44 of 1st period - Slapshot by Pavel Zacha.
1:44 of 1st period - Stopped by Calvin Pickard with a rebound.
1:46 of 1st period - Slapshot by Haydn Fleury.
1:46 of 1st period - Deflect By JT Compher.
1:46 of 1st period - Stopped by Calvin Pickard without a rebound.
1:47 of 1st period - Bo Horvat wins face-off versus Robby Fabbri in Devils zone.
1:52 of 1st period - Wrist shot by Bo Horvat.
1:52 of 1st period - Goal by Bo Horvat - Influenza : 1 - Devils : 0.
1:53 of 1st period - Anton Lander wins face-off versus Colton Sissons in neutral zone.
2:20 of 1st period - Icing by Linden Vey.
2:21 of 1st period - Bo Horvat wins face-off versus Robby Fabbri in Influenza zone.
2:28 of 1st period - Slapshot by Robby Fabbri.
2:28 of 1st period - Shot Blocked by Linden Vey.
2:30 of 1st period - Slapshot by Ben Hutton.
2:30 of 1st period - Shot Misses the Net.
3:43 of 1st period - Wrist shot by Colton Sissons.
3:43 of 1st period - Shot Blocked by Ilya Lyubushkin.
4:02 of 1st period - Slapshot by JT Compher.
4:02 of 1st period - Shot Blocked by Brandon Carlo.
4:20 of 1st period - Haydn Fleury is hit by Anton Lander and loses puck.
4:39 of 1st period - Darren Dietz is hit by Tim Schaller and loses puck.
4:50 of 1st period - Wrist shot by Reid Boucher.
4:50 of 1st period - Shot Blocked by Justin Bailey.
4:52 of 1st period - Snap shot by Valeri Nichushkin.
4:52 of 1st period - Goal by Valeri Nichushkin - Influenza : 1 - Devils : 1.
4:53 of 1st period - Bo Horvat wins face-off versus Sven Baertschi in neutral zone.
5:01 of 1st period - Wrist shot by Bo Horvat.
5:01 of 1st period - Shot Misses the Net.
5:03 of 1st period - Wrist shot by Tim Schaller.
5:03 of 1st period - Shot Misses the Net.
5:05 of 1st period - Slapshot by Tim Erixon.
5:05 of 1st period - Stopped by Calvin Pickard without a rebound.
5:06 of 1st period - Bo Horvat wins face-off versus Maxime Macenauer in Devils zone.
5:51 of 1st period - Dmitry Sinitsyn is hit by Robby Fabbri and loses puck.
6:12 of 1st period - Snap shot by JT Compher.
6:12 of 1st period - Shot Misses the Net.
6:53 of 1st period - Icing by Brett Pesce.
6:54 of 1st period - Jonny Brodzinski wins face-off versus Colton Sissons in Influenza zone.
6:59 of 1st period - Wrist shot by Jonny Brodzinski.
6:59 of 1st period - Deflect By Brett Seney.
6:59 of 1st period - Stopped by Al Montoya with a rebound.
7:46 of 1st period - Snap shot by Logan Shaw.
7:46 of 1st period - Stopped by Al Montoya without a rebound.
7:47 of 1st period - Anton Lander wins face-off versus Bo Horvat in Influenza zone.
8:02 of 1st period - Slapshot by Logan Shaw.
8:02 of 1st period - Shot Blocked by Tim Schaller.
8:29 of 1st period - Wrist shot by Linden Vey.
8:29 of 1st period - Goal by Linden Vey - Influenza : 2 - Devils : 1.
8:30 of 1st period - JT Compher wins face-off versus Maxime Macenauer in neutral zone.
8:51 of 1st period - Maxime Macenauer is hit by Pavel Zacha and loses puck.
9:02 of 1st period - Slapshot by Tim Schaller.
9:02 of 1st period - Shot Misses the Net.
9:04 of 1st period - Slapshot by Tim Schaller.
9:04 of 1st period - Stopped by Calvin Pickard without a rebound.
9:05 of 1st period - Valeri Nichushkin wins face-off versus Bo Horvat in Devils zone.
9:12 of 1st period - Slapshot by Valeri Nichushkin.
9:12 of 1st period - Shot Misses the Net.
10:44 of 1st period - Tim Schaller is hit by Ben Hutton.
10:55 of 1st period - Snap shot by Christian Fischer.
10:55 of 1st period - Shot Misses the Net.
11:43 of 1st period - Slapshot by Joonas Donskoi.
11:43 of 1st period - Stopped by Al Montoya with a rebound.
11:45 of 1st period - Wrist shot by Sam Bennett.
11:45 of 1st period - Stopped by Al Montoya with a rebound.
12:38 of 1st period - Slapshot by Maxime Macenauer.
12:38 of 1st period - Goal by Maxime Macenauer - Influenza : 2 - Devils : 2.
12:39 of 1st period - Tim Schaller wins face-off versus Anton Lander in neutral zone.
12:41 of 1st period - Minor Penalty to Bo Horvat for Slashing.
12:42 of 1st period - Tom Kuhnhackl wins face-off versus Anton Lander in Influenza zone.
12:57 of 1st period - Off-side.
12:58 of 1st period - Tom Kuhnhackl wins face-off versus Anton Lander in neutral zone.
13:26 of 1st period - Brandon Carlo is hit by Shane Sims.
14:41 of 1st period - Penalty to Bo Horvat is over, Bo Horvat is back on ice.
14:42 of 1st period - Ben Hutton is hit by Tim Erixon and loses puck.
15:36 of 1st period - Darren Dietz is hit by Tim Schaller and loses puck.
15:51 of 1st period - Wrist shot by Reid Boucher.
15:51 of 1st period - Stopped by Al Montoya without a rebound.
15:52 of 1st period - Aleksi Saarela wins face-off versus Maxime Macenauer in Influenza zone.
16:54 of 1st period - Wrist shot by Joonas Donskoi.
16:54 of 1st period - Shot Misses the Net.
16:56 of 1st period - Wrist shot by Maxime Macenauer.
16:56 of 1st period - Stopped by Al Montoya without a rebound.
16:57 of 1st period - Anton Lander wins face-off versus Bo Horvat in Influenza zone.
17:12 of 1st period - Wrist shot by Linden Vey.
17:12 of 1st period - Goal by Linden Vey - Influenza : 3 - Devils : 2.
17:13 of 1st period - Anton Lander wins face-off versus Bo Horvat in neutral zone.
17:29 of 1st period - Wrist shot by Sven Baertschi.
17:29 of 1st period - Shot Blocked by Neal Pionk.
17:46 of 1st period - Ben Hutton is hit by Justin Bailey and loses puck.
17:59 of 1st period - Wrist shot by Tom Kuhnhackl.
17:59 of 1st period - Deflect By Colton Sissons.
17:59 of 1st period - Shot Misses the Net.
17:59 of 1st period - Puck is out of play.
18:00 of 1st period - Colton Sissons wins face-off versus Anton Lander in Devils zone.
18:25 of 1st period - Tim Schaller is hit by Ben Hutton and loses puck.
19:03 of 1st period - Icing by JT Compher.
19:04 of 1st period - Jonny Brodzinski wins face-off versus Pavel Zacha in Influenza zone.
19:26 of 1st period - Wrist shot by Conor Garland.
19:26 of 1st period - Stopped by Al Montoya with a rebound.
19:28 of 1st period - Slapshot by Brandon Carlo.
19:28 of 1st period - Shot Hit the Post.
19:30 of 1st period - Slapshot by Brandon Carlo.
19:30 of 1st period - Stopped by Al Montoya with a rebound.
19:32 of 1st period - Wrist shot by Jonny Brodzinski.
19:32 of 1st period - Shot Misses the Net.
19:34 of 1st period - Snap shot by Jonny Brodzinski.
19:34 of 1st period - Stopped by Al Montoya without a rebound.
19:35 of 1st period - Anton Lander wins face-off versus Linden Vey in Influenza zone.
Goals for this period are 3 for Influenza vs 2 for Devils.
Shots for this period are 9 for Influenza vs 11 for Devils.
2nd period
0:01 of 2nd period - Bo Horvat wins face-off versus Anton Lander in neutral zone.
0:06 of 2nd period - Wrist shot by Linden Vey.
0:06 of 2nd period - Stopped by Calvin Pickard with a rebound.
0:12 of 2nd period - Wrist shot by Sven Baertschi.
0:12 of 2nd period - Shot Misses the Net.
0:14 of 2nd period - Snap shot by Sven Baertschi.
0:14 of 2nd period - Goal by Sven Baertschi - Influenza : 3 - Devils : 3.
0:15 of 2nd period - Bo Horvat wins face-off versus Anton Lander in neutral zone.
0:30 of 2nd period - Slapshot by Tim Schaller.
0:30 of 2nd period - Shot Misses the Net.
0:58 of 2nd period - Tom Kuhnhackl is hit by Maxime Macenauer and loses puck.
1:19 of 2nd period - Wrist shot by Tom Kuhnhackl.
1:19 of 2nd period - Shot Misses the Net.
1:21 of 2nd period - Snap shot by Tom Kuhnhackl.
1:21 of 2nd period - Deflect By Dalton Thrower.
1:21 of 2nd period - Shot Blocked by Dalton Thrower.
1:21 of 2nd period - Puck is out of play.
1:22 of 2nd period - Anton Lander wins face-off versus Linden Vey in Devils zone.
1:29 of 2nd period - Snap shot by Logan Shaw.
1:29 of 2nd period - Stopped by Al Montoya without a rebound.
1:30 of 2nd period - Anton Lander wins face-off versus Bo Horvat in Influenza zone.
2:21 of 2nd period - Wrist shot by Anton Lander.
2:21 of 2nd period - Deflect By Tim Erixon.
2:21 of 2nd period - Stopped by Al Montoya with a rebound.
2:25 of 2nd period - Wrist shot by Logan Shaw.
2:25 of 2nd period - Shot Misses the Net.
2:39 of 2nd period - Snap shot by Anton Lander.
2:39 of 2nd period - Shot Misses the Net.
2:41 of 2nd period - Snap shot by Sven Baertschi.
2:41 of 2nd period - Shot Misses the Net.
2:43 of 2nd period - Backhand shot by Logan Shaw.
2:43 of 2nd period - Stopped by Al Montoya without a rebound.
2:44 of 2nd period - Justin Bailey wins face-off versus Maxime Macenauer in Influenza zone.
2:46 of 2nd period - Minor Penalty to JT Compher for High sticking.
2:47 of 2nd period - Maxime Macenauer wins face-off versus Bo Horvat in Influenza zone.
3:34 of 2nd period - Tim Schaller is hit by Darren Dietz.
4:32 of 2nd period - Linden Vey is hit by Valeri Nichushkin and loses puck.
4:46 of 2nd period - Penalty to JT Compher is over, JT Compher is back on ice.
5:29 of 2nd period - Ilya Lyubushkin is hit by Dmitry Sinitsyn.
5:30 of 2nd period - Icing by Ilya Lyubushkin.
5:31 of 2nd period - Joonas Donskoi wins face-off versus Ryan Dzingel in Devils zone.
5:31 of 2nd period - Joonas Donskoi is hit by Tom Kuhnhackl.
6:03 of 2nd period - Snap shot by JT Compher.
6:03 of 2nd period - Deflect By Justin Bailey.
6:03 of 2nd period - Shot Misses the Net.
6:03 of 2nd period - Puck is out of play.
6:04 of 2nd period - Logan Shaw wins face-off versus Bo Horvat in Devils zone.
6:19 of 2nd period - Snap shot by Linden Vey.
6:19 of 2nd period - Shot Misses the Net.
6:25 of 2nd period - Linden Vey is hit by Ilya Lyubushkin and loses puck.
6:33 of 2nd period - Icing by Brett Pesce.
6:34 of 2nd period - Pavel Zacha wins face-off versus Maxime Macenauer in Influenza zone.
6:41 of 2nd period - Slapshot by Maxime Macenauer.
6:41 of 2nd period - Stopped by Al Montoya without a rebound.
6:42 of 2nd period - Anton Lander wins face-off versus Bo Horvat in Influenza zone.
7:07 of 2nd period - Justin Bailey is hit by Maxime Macenauer and loses puck.
7:33 of 2nd period - Slapshot by Ryan Dzingel.
7:33 of 2nd period - Stopped by Calvin Pickard with a rebound.
7:35 of 2nd period - Backhand shot by Tim Erixon.
7:35 of 2nd period - Stopped by Calvin Pickard without a rebound.
7:36 of 2nd period - Anton Lander wins face-off versus Colton Sissons in Devils zone.
7:41 of 2nd period - Snap shot by Logan Shaw.
7:41 of 2nd period - Shot Misses the Net.
8:06 of 2nd period - Linden Vey is hit by Sam Bennett and loses puck.
8:11 of 2nd period - Snap shot by Sam Bennett.
8:11 of 2nd period - Stopped by Al Montoya with a rebound.
8:21 of 2nd period - Bo Horvat is hit by Conor Garland and loses puck.
8:32 of 2nd period - Wrist shot by Tim Schaller.
8:32 of 2nd period - Stopped by Calvin Pickard with a rebound.
8:34 of 2nd period - Slapshot by Haydn Fleury.
8:34 of 2nd period - Stopped by Calvin Pickard with a rebound.
8:36 of 2nd period - Snap shot by Haydn Fleury.
8:36 of 2nd period - Shot Misses the Net.
8:38 of 2nd period - Slapshot by Shane Sims.
8:38 of 2nd period - Shot Misses the Net.
8:40 of 2nd period - Slapshot by Shane Sims.
8:40 of 2nd period - Shot Blocked by Conor Garland.
8:42 of 2nd period - Wrist shot by Bo Horvat.
8:42 of 2nd period - Shot Misses the Net.
8:44 of 2nd period - Snap shot by Linden Vey.
8:44 of 2nd period - Stopped by Calvin Pickard with a rebound.
8:55 of 2nd period - Wrist shot by Linden Vey.
8:55 of 2nd period - Stopped by Calvin Pickard without a rebound.
8:56 of 2nd period - Pavel Zacha wins face-off versus Anton Lander in Devils zone.
9:01 of 2nd period - Slapshot by Neal Pionk.
9:01 of 2nd period - Stopped by Calvin Pickard with a rebound.
9:21 of 2nd period - Tom Kuhnhackl is hit by Maxime Macenauer and loses puck.
10:00 of 2nd period - Pavel Zacha is hit by Dalton Thrower and loses puck.
11:35 of 2nd period - Wrist shot by Tim Schaller.
11:35 of 2nd period - Shot Misses the Net.
11:37 of 2nd period - Slapshot by Haydn Fleury.
11:37 of 2nd period - Shot Misses the Net.
11:42 of 2nd period - Minor Penalty to Christian Wolanin for Hooking.
11:43 of 2nd period - Bo Horvat wins face-off versus Anton Lander in Devils zone.
13:03 of 2nd period - Logan Shaw is hit by JT Compher and loses puck.
13:41 of 2nd period - Icing by Justin Bailey.
13:42 of 2nd period - Penalty to Christian Wolanin is over, Christian Wolanin is back on ice.
13:42 of 2nd period - Ryan Dzingel wins face-off versus Robby Fabbri in Influenza zone.
14:13 of 2nd period - Snap shot by Brett Seney.
14:13 of 2nd period - Deflect By Jonny Brodzinski.
14:13 of 2nd period - Shot Blocked by Christian Fischer.
14:13 of 2nd period - Puck is out of play.
14:14 of 2nd period - Linden Vey wins face-off versus Sven Baertschi in Influenza zone.
14:29 of 2nd period - Snap shot by Tim Schaller.
14:29 of 2nd period - Shot Misses the Net.
14:45 of 2nd period - Dmitry Sinitsyn is hit by Maxime Macenauer and loses puck.
15:08 of 2nd period - Wrist shot by Valeri Nichushkin.
15:08 of 2nd period - Stopped by Al Montoya with a rebound.
15:10 of 2nd period - Slapshot by Reid Boucher.
15:10 of 2nd period - Shot Hit the Post.
15:28 of 2nd period - Snap shot by Brett Seney.
15:28 of 2nd period - Stopped by Al Montoya with a rebound.
16:00 of 2nd period - Joonas Donskoi is hit by Tom Kuhnhackl and loses puck.
16:43 of 2nd period - Tim Erixon is hit by Logan Shaw and loses puck.
16:54 of 2nd period - Slapshot by Tim Erixon.
16:54 of 2nd period - Deflect By Darren Dietz.
16:54 of 2nd period - Stopped by Calvin Pickard with a rebound.
17:00 of 2nd period - Lucas Lessio is hit by Dalton Thrower and loses puck.
17:07 of 2nd period - Wrist shot by Jonny Brodzinski.
17:07 of 2nd period - Shot Misses the Net.
17:33 of 2nd period - Tim Schaller is hit by Sam Bennett and loses puck.
17:44 of 2nd period - Slapshot by Bo Horvat.
17:44 of 2nd period - Shot Misses the Net.
17:46 of 2nd period - Wrist shot by Tim Schaller.
17:46 of 2nd period - Stopped by Calvin Pickard without a rebound.
17:47 of 2nd period - Anton Lander wins face-off versus Pavel Zacha in Devils zone.
17:54 of 2nd period - Wrist shot by Anton Lander.
17:54 of 2nd period - Shot Blocked by Pavel Zacha.
17:56 of 2nd period - Slapshot by Darren Dietz.
17:56 of 2nd period - Shot Misses the Net.
17:58 of 2nd period - Slapshot by Dalton Thrower.
17:58 of 2nd period - Stopped by Al Montoya with a rebound.
18:00 of 2nd period - Wrist shot by Darren Dietz.
18:00 of 2nd period - Deflect By Anton Lander.
18:00 of 2nd period - Stopped by Al Montoya without a rebound.
18:01 of 2nd period - Anton Lander wins face-off versus Pavel Zacha in Influenza zone.
18:02 of 2nd period - Slapshot by Logan Shaw.
18:02 of 2nd period - Stopped by Al Montoya with a rebound.
18:56 of 2nd period - Wrist shot by Valeri Nichushkin.
18:56 of 2nd period - Stopped by Al Montoya without a rebound.
18:57 of 2nd period - Anton Lander wins face-off versus Bo Horvat in Influenza zone.
19:34 of 2nd period - Snap shot by Maxime Macenauer.
19:34 of 2nd period - Stopped by Al Montoya without a rebound.
19:35 of 2nd period - Bo Horvat wins face-off versus Valeri Nichushkin in Influenza zone.
19:37 of 2nd period - Minor Penalty to Linden Vey for Roughing.
19:38 of 2nd period - Bo Horvat wins face-off versus Anton Lander in Influenza zone.
Goals for this period are 0 for Influenza vs 1 for Devils.
Shots for this period are 10 for Influenza vs 13 for Devils.
3rd period
0:01 of 3rd period - Anton Lander wins face-off versus Bo Horvat in neutral zone.
0:39 of 3rd period - Slapshot by Logan Shaw.
0:39 of 3rd period - Shot Misses the Net.
1:18 of 3rd period - Wrist shot by Ben Hutton.
1:18 of 3rd period - Stopped by Al Montoya with a rebound.
1:20 of 3rd period - Snap shot by Sven Baertschi.
1:20 of 3rd period - Shot Misses the Net.
1:22 of 3rd period - Slapshot by Ben Hutton.
1:22 of 3rd period - Stopped by Al Montoya without a rebound.
1:23 of 3rd period - Bo Horvat wins face-off versus Maxime Macenauer in Influenza zone.
1:37 of 3rd period - Penalty to Linden Vey is over, Linden Vey is back on ice.
1:37 of 3rd period - Off-side.
1:38 of 3rd period - Maxime Macenauer wins face-off versus Pavel Zacha in neutral zone.
2:03 of 3rd period - Dmitry Sinitsyn is hit by Robby Fabbri and loses puck.
2:32 of 3rd period - Backhand shot by Ben Hutton.
2:32 of 3rd period - Deflect By Brett Pesce.
2:32 of 3rd period - Stopped by Al Montoya without a rebound.
2:33 of 3rd period - Bo Horvat wins face-off versus Maxime Macenauer in Influenza zone.
3:22 of 3rd period - Snap shot by Bo Horvat.
3:22 of 3rd period - Shot Blocked by Ben Hutton.
3:24 of 3rd period - Wrist shot by Linden Vey.
3:24 of 3rd period - Stopped by Calvin Pickard with a rebound.
3:26 of 3rd period - Snap shot by Bo Horvat.
3:26 of 3rd period - Shot Blocked by Ben Hutton.
3:28 of 3rd period - Slapshot by Tim Erixon.
3:28 of 3rd period - Shot Misses the Net.
3:30 of 3rd period - Slapshot by Haydn Fleury.
3:30 of 3rd period - Shot Blocked by Ben Hutton.
3:32 of 3rd period - Backhand shot by Linden Vey.
3:32 of 3rd period - Shot Misses the Net.
3:46 of 3rd period - Wrist shot by Sam Bennett.
3:46 of 3rd period - Shot Blocked by Brett Pesce.
3:48 of 3rd period - Snap shot by Sam Bennett.
3:48 of 3rd period - Stopped by Al Montoya with a rebound.
3:50 of 3rd period - Slapshot by Ben Hutton.
3:50 of 3rd period - Stopped by Al Montoya without a rebound.
3:51 of 3rd period - Pavel Zacha wins face-off versus Anton Lander in Influenza zone.
4:18 of 3rd period - Valeri Nichushkin is hit by Christian Fischer and loses puck.
4:46 of 3rd period - Snap shot by Brett Seney.
4:46 of 3rd period - Shot Misses the Net.
5:17 of 3rd period - Slapshot by Shane Sims.
5:17 of 3rd period - Stopped by Calvin Pickard with a rebound.
5:19 of 3rd period - Wrist shot by Lucas Lessio.
5:19 of 3rd period - Stopped by Calvin Pickard with a rebound.
5:21 of 3rd period - Snap shot by Lucas Lessio.
5:21 of 3rd period - Stopped by Calvin Pickard without a rebound.
5:22 of 3rd period - Anton Lander wins face-off versus Ryan Dzingel in Devils zone.
5:29 of 3rd period - Dalton Thrower is hit by Tom Kuhnhackl and loses puck.
5:56 of 3rd period - Snap shot by Darren Dietz.
5:56 of 3rd period - Shot Misses the Net.
5:58 of 3rd period - Snap shot by Valeri Nichushkin.
5:58 of 3rd period - Stopped by Al Montoya with a rebound.
6:00 of 3rd period - Slapshot by Dalton Thrower.
6:00 of 3rd period - Shot Misses the Net.
6:02 of 3rd period - Wrist shot by Robby Fabbri.
6:02 of 3rd period - Stopped by Al Montoya without a rebound.
6:03 of 3rd period - Maxime Macenauer wins face-off versus Bo Horvat in Influenza zone.
6:28 of 3rd period - Ben Hutton is hit by Shane Sims.
6:44 of 3rd period - Minor Penalty to Pavel Zacha for Roughing.
6:45 of 3rd period - Anton Lander wins face-off versus Bo Horvat in Influenza zone.
7:10 of 3rd period - Tim Schaller is hit by Maxime Macenauer and loses puck.
7:17 of 3rd period - Wrist shot by Sam Bennett.
7:17 of 3rd period - Shot Blocked by Tim Schaller.
7:19 of 3rd period - Snap shot by Joonas Donskoi.
7:19 of 3rd period - Goal by Joonas Donskoi - Influenza : 3 - Devils : 4.
7:20 of 3rd period - Anton Lander wins face-off versus Pavel Zacha in neutral zone.
7:41 of 3rd period - Minor Penalty to Pavel Zacha for Holding.
7:42 of 3rd period - Bo Horvat wins face-off versus Anton Lander in Influenza zone.
7:57 of 3rd period - Snap shot by Anton Lander.
7:57 of 3rd period - Goal by Anton Lander - Influenza : 3 - Devils : 5.
7:58 of 3rd period - Sven Baertschi wins face-off versus Linden Vey in neutral zone.
8:15 of 3rd period - Minor Penalty to Linden Vey for Roughing.
8:16 of 3rd period - Anton Lander wins face-off versus Bo Horvat in Influenza zone.
8:42 of 3rd period - Tim Schaller is hit by Maxime Macenauer and loses puck.
10:15 of 3rd period - Penalty to Linden Vey is over, Linden Vey is back on ice.
10:31 of 3rd period - Slapshot by Neal Pionk.
10:31 of 3rd period - Shot Blocked by Dalton Thrower.
11:00 of 3rd period - Icing by Brett Pesce.
11:01 of 3rd period - Bo Horvat wins face-off versus Robby Fabbri in Influenza zone.
11:35 of 3rd period - Icing by Ilya Lyubushkin.
11:36 of 3rd period - Bo Horvat wins face-off versus Jonny Brodzinski in Devils zone.
11:37 of 3rd period - Snap shot by Tim Schaller.
11:37 of 3rd period - Stopped by Calvin Pickard with a rebound.
11:39 of 3rd period - Snap shot by Tim Schaller.
11:39 of 3rd period - Shot Misses the Net.
11:41 of 3rd period - Slapshot by Tim Erixon.
11:41 of 3rd period - Stopped by Calvin Pickard with a rebound.
11:43 of 3rd period - Slapshot by Tim Erixon.
11:43 of 3rd period - Goal by Tim Erixon - Influenza : 4 - Devils : 5.
11:44 of 3rd period - Bo Horvat wins face-off versus Anton Lander in neutral zone.
12:09 of 3rd period - Sven Baertschi is hit by Neal Pionk and loses puck.
12:42 of 3rd period - Wrist shot by Anton Lander.
12:42 of 3rd period - Shot Blocked by Colton Sissons.
12:44 of 3rd period - Snap shot by Logan Shaw.
12:44 of 3rd period - Shot Misses the Net.
12:46 of 3rd period - Slapshot by Ilya Lyubushkin.
12:46 of 3rd period - Shot Blocked by Colton Sissons.
12:51 of 3rd period - Slapshot by Robbie Russo.
12:51 of 3rd period - Stopped by Al Montoya with a rebound.
12:53 of 3rd period - Wrist shot by Sven Baertschi.
12:53 of 3rd period - Shot Misses the Net.
12:55 of 3rd period - Snap shot by Robbie Russo.
12:55 of 3rd period - Shot Misses the Net.
12:57 of 3rd period - Wrist shot by Logan Shaw.
12:57 of 3rd period - Deflect By Sven Baertschi.
12:57 of 3rd period - Shot Blocked by Tim Erixon.
12:57 of 3rd period - Puck is out of play.
12:58 of 3rd period - Bo Horvat wins face-off versus Maxime Macenauer in Influenza zone.
13:24 of 3rd period - Reid Boucher is hit by Justin Bailey and loses puck.
13:33 of 3rd period - Snap shot by JT Compher.
13:33 of 3rd period - Shot Blocked by Robby Fabbri.
13:35 of 3rd period - Wrist shot by Pavel Zacha.
13:35 of 3rd period - Goal by Pavel Zacha - Influenza : 5 - Devils : 5.
13:36 of 3rd period - Maxime Macenauer wins face-off versus Bo Horvat in neutral zone.
13:48 of 3rd period - Maxime Macenauer is hit by Bo Horvat and loses puck.
14:41 of 3rd period - Slapshot by Tim Erixon.
14:41 of 3rd period - Shot Blocked by Jonny Brodzinski.
15:01 of 3rd period - Snap shot by Linden Vey.
15:01 of 3rd period - Deflect By Tim Schaller.
15:01 of 3rd period - Shot Blocked by Robbie Russo.
15:01 of 3rd period - Puck is out of play.
15:02 of 3rd period - Bo Horvat wins face-off versus Maxime Macenauer in Devils zone.
15:17 of 3rd period - Slapshot by Tim Schaller.
15:17 of 3rd period - Stopped by Calvin Pickard without a rebound.
15:18 of 3rd period - Robby Fabbri wins face-off versus Colton Sissons in Devils zone.
15:18 of 3rd period - Robby Fabbri is hit by Ryan Dzingel.
16:25 of 3rd period - Robby Fabbri is hit by Linden Vey and loses puck.
16:38 of 3rd period - Wrist shot by Reid Boucher.
16:38 of 3rd period - Stopped by Al Montoya without a rebound.
16:39 of 3rd period - Anton Lander wins face-off versus Ryan Dzingel in Influenza zone.
16:48 of 3rd period - Wrist shot by Logan Shaw.
16:48 of 3rd period - Shot Misses the Net.
17:24 of 3rd period - Icing by Dmitry Sinitsyn.
17:25 of 3rd period - Anton Lander wins face-off versus Tom Kuhnhackl in Influenza zone.
19:20 of 3rd period - Wrist shot by Ryan Dzingel.
19:20 of 3rd period - Goal by Ryan Dzingel - Influenza : 6 - Devils : 5.
19:21 of 3rd period - Bo Horvat wins face-off versus Anton Lander in neutral zone.
19:30 of 3rd period - Devils, Calvin Pickard is pulled from the net.
19:30 of 3rd period - Snap shot by Sven Baertschi.
19:30 of 3rd period - Shot Misses the Net.
19:50 of 3rd period - Slapshot by Anton Lander.
19:50 of 3rd period - Shot Misses the Net.
19:52 of 3rd period - Slapshot by Anton Lander.
19:52 of 3rd period - Deflect By Sven Baertschi.
19:52 of 3rd period - Shot Misses the Net.
19:52 of 3rd period - Puck is out of play.
19:53 of 3rd period - Paul Maurice call a timeout for Devils.
19:53 of 3rd period - Anton Lander wins face-off versus Bo Horvat in Influenza zone.
Goals for this period are 3 for Influenza vs 2 for Devils.
Shots for this period are 10 for Influenza vs 11 for Devils.